 Dungeon Crawl Stone Soup version 0.30-a0-728-gc68057be0a (webtiles) character file.

Game seed: 17889877860891765367

42 Monkooky the Chiller (level 3, -1/25 HPs)
             Began as an Octopode Ice Elementalist on Jan 31, 2023.
             Was a Believer of Wu Jian.
             Killed from afar by Robin (10 damage)
             ... with a bolt of light
             ... on level 2 of the Dungeon.
             The game lasted 00:03:20 (1024 turns).

Monkooky the Chiller (Octopode Ice Elementalist)    Turns: 1024, Time: 00:03:20

Health: -1/25      AC:  1    Str:  7    XL:     3   Next: 54%
Magic:  1/6        EV: 13    Int: 19    God:    Wu Jian [**....]
Gold:   130        SH:  0    Dex: 12    Spells: 2/6 levels left

rFire   + . .      SeeInvis .    (no weapon)
rCold   . . .      Faith    .    (no shield)
rNeg    . . .      Spirit   .    (helmet restricted)
rPois   +          Reflect  .    (no amulet)
rElec   .          Harm     .    b - ring of poison resistance
rCorr   .          Rampage  .    k - ring of protection from fire
Will    .....                    (no ring)
Stlth   +++                      (no ring)
HPRegen 0.24/turn                (no ring)
MPRegen 0.10/turn                (no ring)
                                 (no ring)
                                 (no ring)

@: no status effects
A: almost no armour, amphibious, 8 rings, camouflage 1, gelatinous body 1,
(nimble swimmer 1), tentacles
a: Renounce Religion, Wall Jump


You were on level 2 of the Dungeon.
You worshipped Wu Jian.
Wu Jian was pleased with you.
You visited 1 branch of the dungeon, and saw 2 of its levels.

You collected 130 gold pieces.

Inventory:

Missiles
 f - 3 poisoned darts
Jewellery
 b - a ring of poison resistance (left tentacle)
 k - a ring of protection from fire (right tentacle)
Scrolls
 c - a scroll of immolation {unknown}
 g - a scroll of vulnerability {unknown}
 i - a scroll of blinking {unknown}
Potions
 a - a potion of magic
 d - a potion of lignification {unknown}
 e - a potion of heal wounds {unknown}
 h - a potion of curing {unknown}
 j - a potion of mutation {unknown}


   Skills:
 - Level 2.5 Fighting
 - Level 2.0 Dodging
 - Level 2.6 Stealth
 - Level 2.0 Spellcasting
 + Level 4.3 Ice Magic


You had 2 spell levels left.
You knew the following spells:

 Your Spells              Type           Power      Damage    Failure   Level
a - Freeze                Ice            72%        1d8       2%          1
b - Frozen Ramparts       Ice            36%        1d6       9%          3

Your spell library contained the following spells:

 Spells                   Type           Power      Damage    Failure   Level
 Ozocubu's Armour         Ice            18%        N/A       9%          3
 Summon Ice Beast         Ice/Summ       10%        N/A       56%         4


Dungeon Overview and Level Annotations

Branches:
Dungeon (2/15)

Altars:
Wu Jian

Annotations:
D:2 Robin


Innate Abilities, Weirdness & Mutations

You cannot wear most types of armour.
You are amphibious.
You can wear up to eight rings at the same time.
Your skin changes colour to match your surroundings (Stealth+).
Your rubbery body absorbs attacks. (AC +1, EV +1)
((You are camouflaged when in or above water. (Stealth+)))
You have tentacles for arms and can constrict up to eight enemies at once.


Message History

You kill the goblin!
The Council accepts your kill.
The wall freezes the goblin.
You kill the goblin!
The Council accepts your kill.
The wall freezes the goblin.
You kill the goblin!
The Council accepts your kill. Robin throws the goblin at you!
You tentacle-slap the goblin. You grab the goblin. You squeeze the goblin.
You kill the goblin!
The Council accepts your kill.
The wall freezes the kobold!
You kill the kobold!
The Council accepts your kill.
The wall freezes Robin.
The wall freezes Robin.
You tentacle-slap Robin but do no damage.
You grab Robin.
Robin is heavily wounded.
The frozen ramparts melt away.
You constrict Robin, but do no damage.
Robin zaps a wand.
The bolt of light hits you!
Ouch! That really hurt!
Casting: Frozen Ramparts (quite dangerous; 9% risk of failure)
Confirm with . or Enter, or press ? or * to list all spells.
Aiming: Freeze (safe; 2% risk of failure)
Press: ? - help, Shift-Dir - straight line, f - Robin
Aim: Robin, wielding a +0 short sword, wearing a +0 animal skin, wearing a +0 helmet and carrying a wand of light (7) (heavily wounded, constricted by you)
You freeze Robin.
Robin is severely wounded.
You constrict Robin, but do no damage. Robin hits you with a +0 short sword.
Casting: Freeze (safe; 2% risk of failure)
Confirm with . or Enter, or press ? or * to list all spells.
Aiming: Freeze (safe; 2% risk of failure)
Press: ? - help, Shift-Dir - straight line, f/p - Robin
Aim: Robin, wielding a +0 short sword, wearing a +0 animal skin, wearing a +0 helmet and carrying a wand of light (7) (severely wounded, constricted by you)
You freeze Robin.
Robin is almost dead.
You constrict Robin.
Robin zaps a wand.
The bolt of light hits you!
You die...

#.###.# # #.#
#.#. #.# ...
#.## ..# #..##
..# ##.)####.#
#....##.#
#.##.##)#
♣......##...@#
~~♣.$P.#####.g#
~~~~... #).#
♣~~~..# ###)##
.~~♣~♣ #.?..#
.♣~~~♣#####....#
K.~~...>.))...#
..P..)###....#
..... #....#


You could see Robin.

Vanquished Creatures
  3 bats (D:1)
  2 endoplasms (D:1)
  14 goblins
  5 hobgoblins
  2 quokkas (D:1)
  4 ball pythons (D:1)
  A frilled lizard (D:1)
  2 kobolds
  3 rats
36 creatures vanquished.

Vanquished Creatures (others)
  A plant (D:2)
1 creature vanquished.

Grand Total: 37 creatures vanquished

Notes
Turn   | Place    | Note
-------+----------+-------------------------------------------
     0 | D:1      | Monkooky the Octopode Ice Elementalist began the quest for
                  | the Orb.
     0 | D:1      | Reached XP level 1. HP: 11/11 MP: 3/3
   168 | D:1      | Reached skill level 1 in Fighting
   215 | D:1      | Found a faded altar of an unknown god.
   225 | D:1      | Prayed at the altar of an unknown god.
   225 | D:1      | Became a worshipper of the Wu Jian Council
   225 | D:1      | Reached * piety under Wu Jian
   318 | D:1      | Reached XP level 2. HP: 18/18 MP: 5/5
   791 | D:1      | Reached XP level 3. HP: 22/25 MP: 6/6
   891 | D:1      | Learned a level 3 spell: Frozen Ramparts
   961 | D:2      | Noticed Robin
  1016 | D:2      | Reached ** piety under Wu Jian
  1024 | D:2      | Killed from afar by Robin

Illustrated notes

Levels and vault maps discovered:
D:1:      kennysheep_arrival_seaside, layout_loops_cross,
          ebering_ecumenical_altar_abandoned, fountainhead
D:2:      layout_rooms, serial_shops, nicolae_shop_crystal, serial_bayou_pond_a,
          kennysheep_generic_room_7, uniq_robin, uniq_sigmund

Skill      XL: |  1  2 |
---------------+-------+-----
Fighting       | 1 2 |  2.5
Dodging        | |  2.0
Stealth        | |  2.6
Spellcasting   | |  2.0
Ice Magic      | |  4.3

Action                     || total
---------------------------++-------
  Melee: Unarmed           ||    61
         Constrict         ||    24
         Tentacles         ||    17
         Punch             ||     1
   Cast: Freeze            ||    10
         Frozen Ramparts   ||     3
Ability: Lunge             ||    11
   Stab: Sleeping          ||     5
         Distracted        ||     1
 Armour: Skin              ||    12
  Dodge: Dodged            ||    50

Table legend: (Time is in decaauts)
 A = Elapsed time spent in this place.
 B = Non-inter-level travel time spent in this place.
 C = Inter-level travel time spent in this place.
 D = Time resting spent in this place.
 E = Time spent auto-exploring this place.
 F = Levels seen in this place.
 G = Mean time per level.
                   A        B        C        D        E       F      G
               +--------+--------+--------+--------+--------+-----+--------+
         Total |   1023 |    987 |     36 |     22 |    735 |   2 |  511.5 |
       Dungeon |   1023 |    987 |     36 |     22 |    735 |   2 |  511.5 |
               +--------+--------+--------+--------+--------+-----+--------+

Top non-repeatable levels by time:
     D:1: 938 daAuts
     D:2: 85 daAuts
